Unix NetHack Version 3.7.0-101 Work-in-progress - last build Apr 1 2024 12:37:57 (a918b33ba548942b39fbf317ac6a96664004a8da,branch:master). Game began 2024-04-02 00:35:05, ended 2024-04-02 01:23:49. Zega, lawful female dwarven Archeologist -------------- #..[........... #|............| ---- ##|............| |... ##|............+ # |..>. ######------------.- # + # |....| ### ## ### 0# # ### |...Y@### #### ######## # |...(| ###### ######## ## - --| ##### ######## #### ## --.-+---------# |............|### -------- |............|# # |...[..| |............|####.....%.| |............|# #|....%.| |............|# #......<| -------------- -------- Zega the Investigator St:18 Dx:10 Co:11 In:15 Wi:16 Ch:10 Lawful S:2697 Dlvl:9 $:137 HP:0(50) Pw:23(23) AC:3 Xp:6/434 T:5450 Latest messages: You hear a jackal howling at the moon. With great effort you move the boulder. The killer bee stings! What do you want to write with? [- egxGJSY or ?*] - You write in the dust with your fingertip. What do you want to write in the dust here? Elbereth The killer bee turns to flee. What do you want to write with? [- egxGJSY or ?*] - You write in the dust with your fingertip. What do you want to write in the dust here? Elbereth The killer bee turns to flee. You descend the stairs. You see here a quasit corpse. You see here a rabid rat corpse. You see here a red-eyed shield. You are carrying too much to get through. You are carrying too much to get through. What do you want to throw? [$ex or ?*] d In what direction? k The dog seems more amiable. The dog devours an uncursed food ration. $ - 73 gold pieces (137 in total). You see here a plate mail. You find a hidden door. This door is locked. Unlock it with your key? [ynq] (q) y You succeed in unlocking the door. The door resists! The door opens. The owlbear hits! The owlbear hits again! The owlbear grabs you! You hit the owlbear! The owlbear hits! The owlbear hits again! You are being crushed. What do you want to zap? [GSY or ?*] S In what direction? > You dig a hole through the doorway. The owlbear hits! The owlbear hits again! You are being crushed. What do you want to zap? [GSY or ?*] S In what direction? > You dig a hole through the doorway. The owlbear hits! The owlbear just misses! You are being crushed. You die... Do you want your possessions identified? [ynq] (y) q Inventory: Coins $ - 137 gold pieces Amulets D - an uncursed amulet of flying Weapons x - a +0 orcish dagger e - a +2 bullwhip Armor k - an uncursed +0 elven leather helm (being worn) C - an uncursed +0 pair of iron shoes (being worn) n - an uncursed +0 leather jacket (being worn) Comestibles u - 3 uncursed lembas wafers Spellbooks I - an uncursed spellbook of detect treasure H - an uncursed spellbook of haste self Rings J - an uncursed ring of conflict Wands S - a wand of digging (0:0) G - a wand of light (0:13) Y - a wand of striking (0:0) Tools i - an uncursed sack containing 20 items b - an uncursed blindfold l - an uncursed magic lamp (lit) a - a +2 pick-axe (weapon in right hand) q - an uncursed skeleton key Gems/Stones g - an uncursed touchstone Contents of the sack: 384 gold pieces an uncursed scroll of confuse monster an uncursed scroll of create monster a blessed scroll of destroy armor an uncursed scroll of magic mapping an uncursed scroll of gold detection an uncursed scroll of scare monster an uncursed scroll of amnesia an uncursed scroll of enchant armor 2 uncursed scrolls of identify a cursed scroll of enchant weapon an uncursed scroll of teleportation 3 uncursed potions of water an uncursed potion of gain ability a blessed potion of invisibility 2 uncursed potions of healing an uncursed potion of extra healing an uncursed potion of restore ability an uncursed potion of full healing an uncursed potion of gain energy Zega the Archeologist's attributes: Background: You were an Investigator, a level 6 female dwarven Archeologist. You were lawful, on a mission for Quetzalcoatl who was opposed by Camaxtli (neutral) and Huhetotl (chaotic). You were right-handed. You were in the Dungeons of Doom, on level 9. You entered the dungeon 5450 turns ago. It was nighttime. You had 434 experience points, 206 more were needed to attain level 7. Your score was 2697 before end-of-game adjustments. Basics: You had 0 out of 50 hit points. You had all 23 energy points (spell power). Your armor class was 3. Your wallet contained 137 zorkmids, and you had 384 more stashed away in your pack. Autopickup was on for '$"=/!?' plus thrown. Final Characteristics: Your strength was 18 (limit:18/100). Your dexterity was 10 (limit:20). Your constitution was 11 (limit:20). Your intelligence was 15 (limit:16). Your wisdom was 16 (limit:16). Your charisma was 10 (limit:16). Final Status: You were held by an owlbear (west). You weren't hungry. You were unencumbered. You were wielding a pick-axe. You were skilled in pick-axe. Final Attributes: You were piously aligned. You were telepathic. You had automatic searching. You had infravision. You were stealthy. You had a small defense bonus (+3). You were warded. You are dead. Miscellaneous: You disabled loading of bones levels. Total elapsed playing time was 48 minutes and 42 seconds. Major events: Turn 1: Zega the lawful female dwarven Archeologist entered the dungeon 620: read a Discworld novel 1206: attained the rank of Field Worker (level 3) 2391: entered the Gnomish Mines 2878: reached Mine Town 4691: entered Sokoban 4818: attained the rank of Investigator (level 6) 5450: killed by an owlbear Vanquished creatures: a watchman a gold golem a rope golem a quasit 6 Mordor orcs 2 rock piercers a fog cloud 2 shriekers 3 gnome leaders a gray ooze 4 giant ants 3 floating eyes 2 dwarves a homunculus a kobold leader 4 hill orcs 4 rothes a rabid rat a monkey a werejackal 2 iguanas 2 acid blobs a coyote a gas spore a hobbit a large kobold 6 giant rats 4 cave spiders a yellow mold 16 gnomes 6 garter snakes a gnome zombie 8 geckos 10 jackals 2 foxes 4 goblins 7 sewer rats 5 grid bugs a bat 3 lichens a kobold zombie 12 newts 136 creatures vanquished. No species were genocided or became extinct. Voluntary challenges: You read items or engraved 18 times. You engraved Elbereth 10 times. You never genocided any monsters. You never polymorphed an object. You never changed form. You used no wishes. You did not violate any of the special Sokoban rules. Achievements: You entered a shop. You read from a Discworld novel. You attained the rank of Field Worker. You entered the Gnomish Mines. You entered Minetown. You entered a temple. You entered Sokoban. You attained the rank of Investigator. The Dungeons of Doom: levels 1 to 9 Level 1: Many fountains. Level 2: Stairs down to The Gnomish Mines. Level 3: A fountain. Level 4: Level 5: A fountain. Level 6: Many fountains. Level 7: A fountain. Stairs up to Sokoban, level 6. Level 8: Level 9: <- You were here. Final resting place for you, killed by an owlbear. The Gnomish Mines: levels 3 to 6 Level 3: Level 4: Level 5: A delicatessen, a temple and an altar, some fountains, some trees. Level 6: Sokoban: Level 6: Unsolved. Game over: ---------- / \ / REST \ / IN \ / PEACE \ / \ | Zega | | 521 Au | | killed by an | | owlbear | | | | | | 2024 | *| * * * | * _________)/\\_//(\/(/\)/\//\/|_)_______ Goodbye Zega the Archeologist... You died in The Dungeons of Doom on dungeon level 9 with 2645 points, and 521 pieces of gold, after 5450 moves. You were level 6 with a maximum of 50 hit points when you died.